 Dungeon Crawl Stone Soup version 0.27-a0-148-g9515ab555c (webtiles) character file.

Game seed: 6586963775142683474

276 jasper the Stinger (level 6, 0/41 HPs)
             Began as a Demonspawn Venom Mage on Jan 26, 2021.
             Slain by an orc wizard
             ... wielding a cursed -1 dagger
              (4 damage)
             ... on level 3 of the Dungeon.
             The game lasted 00:08:08 (3755 turns).

jasper the Stinger (Demonspawn Venom Mage)          Turns: 3755, Time: 00:08:08

Health: 0/41       AC:  4    Str:  9    XL:     6   Next: 4%
Magic:  5/18       EV: 12    Int: 18    God:
Gold:   191        SH:  0    Dex: 13    Spells: 1/9 levels left

rFire    . . .     SeeInvis .   k - +0 hunting sling
rCold    . . .     Faith    .   (no shield)
rNeg     . . .     Spirit   .   a - +0 robe
rPois    +         Reflect  .   (no helmet)
rElec    .         Harm     .   s - +0 cloak {rPois}
rCorr    .         Rampage  .   q - +0 pair of gloves
Will     .....                  (no boots)
Stlth    ++........             (no amulet)
HPRegen  0.13/turn              m - ring of magical power
MPRegen  0.16/turn              (no ring)

@: lethally poisoned (0 -> -1), very slightly contaminated, hasted, very quick
A: talons 2, icemail 1, condensation shield
a: no special abilities


You were on level 3 of the Dungeon.
You visited 1 branch of the dungeon, and saw 3 of its levels.

You collected 191 gold pieces.

Inventory:

Hand Weapons
 f - a +0 short sword
 k - a +0 hunting sling (weapon)
 r - a +2 quarterstaff of chaos
 t - a +2 short sword of draining
Missiles
 d - 166 stones (quivered ammo)
 g - 17 poisoned darts
 j - 8 datura-tipped darts
Armour
 a - a +0 robe (worn)
 q - a +0 pair of gloves (worn)
 s - a +0 cloak of poison resistance (worn)
Jewellery
 b - an uncursed ring of fire
 m - a ring of magical power (left hand)
Scrolls
 c - a scroll of fog {unknown}
 e - 2 scrolls of remove curse {unknown}
 i - a scroll of random uselessness {unknown}
 l - 2 scrolls of identify {unknown}
 n - a scroll of amnesia {unknown}
 o - a scroll of enchant weapon {unknown}
 p - a scroll of immolation {unknown}


   Skills:
 - Level 1.7 Dodging
 - Level 1.7 Stealth
 + Level 2.4 Spellcasting
 + Level 1.2 Conjurations
 + Level 1.5 Transmutations
 + Level 1.0 Air Magic
 * Level 6.0 Poison Magic


You had one spell level left.
You knew the following spells:

 Your Spells              Type           Power        Failure   Level
a - Sting                 Tmut/Pois      60%          3%          1
b - Mephitic Cloud        Conj/Pois/Air  12%          17%         3
c - Olgreb's Toxic Radia  Pois           23%          14%         4

Your spell library contained the following spells:

 Spells                   Type           Power        Failure   Level
 Poisonous Vapours        Pois/Air       28%          6%          2
 Ignite Poison            Fire/Tmut/Pois 11%          19%         3


Dungeon Overview and Level Annotations

Branches:
Dungeon (3/15)

Altars:
Beogh


Innate Abilities, Weirdness & Mutations

You have razor-sharp toenails.
A meltable icy envelope protects you from harm. (AC +0)
A meltable shield of frost defends you. (SH +0)


Message History

Something hits you but does no damage. The orc priest barely misses you.
Casting: Sting (safe; 3% risk of failure)
Confirm with . or Enter, or press ? or * to list all spells.
Aiming: Sting (safe; 3% risk of failure)
Press: ? - help, Shift-Dir - straight line, f/p - orc priest
Aim: an orc priest (severely wounded, 26% to evade)
The sting hits the orc priest.
The orc priest is poisoned.
The orc priest is almost dead.
You feel sick. Something hits you but does no damage.
The orc priest casts a cantrip, but nothing happens.
You take 1 damage, and have 4/41 hp.
You now have 6/18 mp.
Casting: Sting (safe; 3% risk of failure)
Confirm with . or Enter, or press ? or * to list all spells.
Aiming: Sting (safe; 3% risk of failure)
Press: ? - help, Shift-Dir - straight line, f/p - orc priest
Aim: an orc priest (almost dead, poisoned, 26% to evade)
The sting hits the orc priest.
The orc priest looks even sicker.
You kill the orc priest!
Something hits you.
You die...

#.........#
#.........#
#.........#
#.........#
#.........#
#.........#
..........#
#.........#
.#########
#.........#
#######...# #...#
############...#
#@{w...........#
#(##.....^.....#
#).)##....).....#
#.8.8.#..........#
#.$$.$#..........#
#$8.8$#..........#
##$_.##........###
#####........)#
...........#


You could see a worm.

Vanquished Creatures
  2 orc wizards (D:3)
  3 orc priests
  Crazy Yiuf (D:2)
  3 adders (D:2)
  4 worms
  2 dart slugs
  16 orcs (D:3)
  3 bats
  4 giant cockroaches
  3 goblins
  10 hobgoblins
  8 jackals
  2 frilled lizards
  5 kobolds
  9 rats
75 creatures vanquished.

Notes
Turn   | Place    | Note
-------+----------+-------------------------------------------
     0 | D:1      | jasper the Demonspawn Venom Mage began the quest for the
                  | Orb.
     0 | D:1      | Reached XP level 1. HP: 13/13 MP: 3/3
   466 | D:1      | Gained mutation: A meltable shield of frost defends you.
                  | (SH +0) [demonic ancestry]
   466 | D:1      | Reached XP level 2. HP: 19/19 MP: 1/5
  1238 | D:1      | Reached skill level 4 in Poison Magic
  1581 | D:2      | Reached XP level 3. HP: 24/24 MP: 3/6
  1872 | D:2      | Learned a level 3 spell: Mephitic Cloud
  2192 | D:2      | Reached skill level 5 in Poison Magic
  2192 | D:2      | Gained mutation: A meltable icy envelope protects you from
                  | harm. (AC +0) [demonic ancestry]
  2192 | D:2      | Reached XP level 4. HP: 23/30 MP: 7/7
  2294 | D:2      | Found a runed translucent door.
  2295 | D:2      | Noticed Crazy Yiuf
  2863 | D:2      | Killed Crazy Yiuf
  3153 | D:3      | Gained mutation: You have sharp toenails. [demonic
                  | ancestry]
  3153 | D:3      | Reached XP level 5. HP: 35/35 MP: 8/8
  3162 | D:3      | Reached skill level 1 in Transmutations
  3542 | D:2      | Reached skill level 1 in Conjurations
  3556 | D:3      | Learned a level 4 spell: Olgreb's Toxic Radiance
  3740 | D:3      | Found a roughly hewn altar of Beogh.
  3750 | D:3      | Reached skill level 1 in Air Magic
  3750 | D:3      | Reached skill level 6 in Poison Magic
  3750 | D:3      | Gained mutation: You have razor-sharp toenails. [demonic
                  | ancestry]
  3750 | D:3      | Reached XP level 6. HP: 13/41 MP: 6/9
  3755 | D:3      | Slain by an orc wizard

Illustrated notes

Levels and vault maps discovered:
D:1:      scummos_arrival_hexagon, layout_loops_corners
D:2:      minmay_evil_eye, layout_rooms, uniq_crazy_yiuf_cottage
D:3:      layout_basic, kennysheep_orc_chapel

Skill      XL: |  1  2  3  4  5 |
---------------+----------------+-----
Poison Magic   | 4 5 6 |  6.0
Transmutations | 1 |  1.5
Conjurations   | 1 |  1.2
Air Magic      | 1 |  1.0
Dodging        | |  1.7
Stealth        | |  1.7
Spellcasting   | |  2.4

Action                   |  1- 3 |  4- 6 || total
-------------------------+-------+-------++-------
Melee: Unarmed           |    34 |       ||    34
       Short sword       |    12 |       ||    12
 Fire: Hunting sling     |    50 |   109 ||   159
Throw: Stone             |    11 |       ||    11
 Cast: Sting             |    41 |    58 ||    99
       Olgreb's Toxic Ra |       |     1 ||     1
  Use: Potion            |     2 |     1 ||     3
 Stab: Sleeping          |     1 |       ||     1
Armor: Robe              |    13 |    32 ||    45
       Skin              |     1 |       ||     1
Dodge: Dodged            |    65 |    34 ||    99
Block: Other             |     9 |     9 ||    18

Table legend: (Time is in decaauts)
 A = Elapsed time spent in this place.
 B = Non-inter-level travel time spent in this place.
 C = Inter-level travel time spent in this place.
 D = Time resting spent in this place.
 E = Time spent auto-exploring this place.
 F = Levels seen in this place.
 G = Mean time per level.
                   A        B        C        D        E       F      G
               +--------+--------+--------+--------+--------+-----+--------+
         Total |   3801 |   3600 |    201 |    370 |   2589 |   3 | 1267.0 |
       Dungeon |   3801 |   3600 |    201 |    370 |   2589 |   3 | 1267.0 |
               +--------+--------+--------+--------+--------+-----+--------+

Top non-repeatable levels by time:
     D:2: 1766 daAuts
     D:1: 1428 daAuts
     D:3: 606 daAuts
